 Dungeon Crawl Stone Soup version 0.19-a0-1937-g70ed36a (webtiles) character file.

151 JeffiDaFish the Chopper (level 5, -1/46 HPs)
             Began as a Hill Orc Fighter on Oct 26, 2016.
             Was an Initiate of Beogh.
             Killed from afar by an orc wizard (2 damage)
             ... with a puff of flame
             ... on level 3 of the Dungeon.
             The game lasted 00:05:42 (2416 turns).

JeffiDaFish the Chopper (Hill Orc Fighter)          Turns: 2416, Time: 00:05:43

Health: -1/46      AC: 11    Str: 24 (25) XL:     5   Next: 33%
Magic:  5/5        EV:  4    Int:  8      God:    Beogh [......]
Gold:   134        SH: 10    Dex: 10      Spells: 0 memorised, 4 levels left

rFire  + . .     SeeInvis .     a - +1 war axe
rCold  . . .     Gourm    .     l - +0 plate armour
rNeg   . . .     Faith    .     c - +0 shield
rPois  .         Spirit   .     (no helmet)
rElec  .         Reflect  .     (no cloak)
rCorr  .         Harm     .     (no gloves)
MR     .....                    (no boots)
Stlth  ..........               (no amulet)
                                (no ring)
                                (no ring)

@: mighty
A: fire resistance 1
a: Renounce Religion


You were on level 3 of the Dungeon.
You worshipped Beogh.
Beogh was noncommittal.
You were not hungry.

You visited 1 branch of the dungeon, and saw 3 of its levels.

You collected 134 gold pieces.

Inventory:

Hand Weapons
 a - a +1 war axe (weapon)
Armour
 c - a +0 shield (worn)
 l - a +0 plate armour (worn)
Scrolls
 e - a scroll of teleportation
 i - 3 scrolls of identify
Potions
 d - a potion of might
 j - a potion of resistance
Comestibles
 f - 2 bread rations
 h - a meat ration
 k - a beef jerky


   Skills:
 + Level 4.2 Fighting
 + Level 4.7 Axes
 + Level 4.1 Armour
 + Level 0.5 Dodging
 + Level 0.1 Stealth
 + Level 4.1 Shields


You had 4 spell levels left.
You didn't know any spells.

Dungeon Overview and Level Annotations

Branches:
Dungeon (3/15)

Altars:
Ashenzari
Trog


Innate Abilities, Weirdness & Mutations

Your flesh is heat resistant. (rF+)


Message History

The orc is heavily wounded.
You miss the orc wizard.
The orc wizard points at you and mumbles some strange words.
The magic dart hits you!
* * * LOW HITPOINT WARNING * * *
The orc wizard hits you but does no damage.
The orc barely misses you.
You see here a giant cockroach corpse.
You slash the orc!
You kill the orc!
Beogh accepts your kill.
The orc wizard points at you and mumbles some strange words.
The puff of flame hits you! You resist.
* * * LOW HITPOINT WARNING * * *
You closely miss the orc wizard.
The orc wizard hits you but does no damage.
The orc wizard points at you and mumbles some strange words.
The puff of flame hits you! You resist.
You die...
Beogh appreciates the orc wizard's killing of a heretic priest.

#........# #.#
#...8..... #.#
#..8.8...# #.#
..8._.8..# #.#
(..8o8..(# #.#
....8....# #.#
.$.....oo# #.#
.####.##o# ###+##
#.#
....##@#####....#
#.#
###...†.........#
#.#
####.([.......#
#.# #######....#
#.# #...## #.#
#.### #.# #.# #.#
#.# #.# #.# #.#


You could see an orc priest, an orc wizard and an orc.

Vanquished Creatures
  Ijyb (D:3)
  6 adders (D:2)
  An ooze (D:1)
  A worm (D:3)
  2 leopard geckos (D:2)
  2 orcs (D:3)
  5 giant cockroaches
  7 goblins
  5 hobgoblins
  3 jackals (D:2)
  3 quokkas
  A ball python (D:1)
  5 bats
  3 frilled lizards
  8 kobolds
  9 rats
62 creatures vanquished.

Notes
Turn   | Place    | Note
-------+----------+-------------------------------------------
     0 | D:1      | JeffiDaFish the Hill Orc Fighter began the quest for the Orb.
     0 | D:1      | Reached XP level 1. HP: 19/19 MP: 1/1
    39 | D:1      | Reached XP level 2. HP: 14/27 MP: 2/2
   464 | D:1      | Reached XP level 3. HP: 33/33 MP: 3/3
   514 | D:1      | Gained mutation: Your flesh is heat resistant. (rF+) [potion of beneficial mutation]
   918 | D:2      | Reached XP level 4. HP: 40/40 MP: 4/4
  2015 | D:3      | Found a shattered altar of Ashenzari.
  2017 | D:3      | Noticed Ijyb
  2046 | D:3      | Killed Ijyb
  2046 | D:3      | Reached XP level 5. HP: 46/46 MP: 5/5
  2083 | D:3      | Became a worshipper of Beogh the Brigand
  2342 | D:3      | Found a bloodstained altar of Trog.
  2398 | D:3      | Found a faded altar of an unknown god.
  2415 | D:3      | HP: 1/46 [orc wizard/puff of flame (3)]
  2416 | D:3      | Killed from afar by an orc wizard

Vault maps used:
D:1:      eino_arrival_druids_welcome, minivault_19, dk_noncrumbling_4,
          st_stairs_13, minmay_pentomino_x4
D:3:      lemuel_coloured_pillars_altar, overflow_temple_1_default,
          ecumenical_altar_2, grunt_ministairs_2, bloody_trog, uniq_iyjb

Skill      XL: |  1  2  3  4 |
---------------+-------------+-----
Axes           | 3 4 |  4.7
Fighting       | 4 |  4.2
Armour         | 4 |  4.1
Shields        | 4 |  4.1
Dodging        | |  0.5
Stealth        | |  0.1

Action                   |  1- 3 |  4- 6 || total
-------------------------+-------+-------++-------
Melee: War axe           |   109 |   136 ||   245
Invok: Convert to Beogh  |       |     1 ||     1
  Use: Potion            |     6 |     4 ||    10
       Scroll            |     4 |     1 ||     5
  Eat: Chunk             |       |     6 ||     6
Armor: Scale mail        |    60 |    56 ||   116
       Plate armour      |       |    10 ||    10
Dodge: Dodged            |    50 |    59 ||   109
Block: Shield            |    75 |    82 ||   157
